 Dungeon Crawl Stone Soup version 0.23.2 (webtiles) character file.

Game seed: 554551114149415594

1000 sagitran the Slasher (level 8, -8/61 HPs)
             Began as a Demonspawn Chaos Knight on Mar 31, 2019.
             Was a Plaything of Xom.
             Mangled by a centaur (14 damage)
             ... on level 5 of the Dungeon on Apr 1, 2019.
             The game lasted 00:23:11 (3394 turns).

sagitran the Slasher (Demonspawn Chaos Knight)      Turns: 3394, Time: 00:23:17

Health: -8/61      AC:  6    Str: 17 (18) XL:     8   Next: 0%
Magic:  8/8        EV: 18    Int: 14      God:    Xom [*.....]
Gold:   187        SH:  4    Dex: 17      Spells: 7/7 levels left

rFire    + . .     SeeInvis +   a - +0 falchion (chaos)
rCold    . . .     Gourm    .   (no shield)
rNeg     . . .     Faith    .   v - +3 leather armour {rF+}
rPois    .         Spirit   .   (helmet restricted)
rElec    .         Reflect  .   p - +0 cloak
rCorr    .         Harm     .   (no gloves)
MR       .....     Clarity  +   (no boots)
Stlth    +++.......             t - amulet of rage
HPRegen  0.20/turn              u - ring of see invisible (curse)
MPRegen  0.11/turn              (no ring)

@: mighty, agile
A: antennae 1, large bone plates 1, clarity, clumsy 1, deformed body, foul
stench 1, powered by pain 2, wild magic 1, rot immunity
a: Renounce Religion, Evoke Berserk Rage


You were on level 5 of the Dungeon.
You worshipped Xom.
You were a special plaything of Xom.
You were not hungry.

You visited 1 branch of the dungeon, and saw 5 of its levels.

You collected 187 gold pieces.

Inventory:

Hand Weapons
 a - a +0 falchion of chaos (weapon)
Armour
 b - a +2 leather armour
 p - a +0 cloak (worn)
 v - a +3 leather armour of fire resistance (worn)
Jewellery
 t - an amulet of rage (around neck)
 u - a cursed ring of see invisible (left hand)
Wands
 s - a wand of flame (12)
 x - a wand of polymorph (8)
Scrolls
 d - a scroll of identify
 e - a scroll of enchant weapon {unknown}
 g - 2 scrolls of immolation
 i - 2 scrolls of teleportation {unknown}
 j - 2 scrolls of enchant armour {unknown}
 l - 2 scrolls of amnesia {unknown}
 m - 3 scrolls of blinking {unknown}
 n - a scroll of magic mapping {unknown}
 q - a scroll of remove curse {unknown}
 w - a scroll of fog {unknown}
Potions
 f - a potion of invisibility
 h - 8 potions of brilliance
Comestibles
 c - 6 rations


   Skills:
 + Level 4.8 Fighting
 + Level 6.1 Long Blades
 + Level 3.0 Armour
 + Level 3.1 Dodging
 + Level 3.3 Stealth


You had 7 spell levels left.
You didn't know any spells.
Your spell library was empty.

Dungeon Overview and Level Annotations

Branches:
Dungeon (5/15)
 Temple: D:4-7

Altars:
Fedhas
Trog


Innate Abilities, Weirdness & Mutations

You have a pair of small antennae on your head.
You are partially covered in large bone plates. (SH +4)
You may emit foul miasma when damaged in melee.
You sometimes gain power by taking damage.
You are immune to rotting.
You possess an exceptional clarity of mind.
You are clumsy. (Dex -2)
Armour fits poorly on your strangely shaped body.
Your spells are a little harder to cast, but a little more powerful.


Message History

The centaur hits you! x2; The centaur looks sick.
You closely miss the centaur.
The centaur is moderately wounded.
The centaur hits you but does no damage.
The centaur barely misses you.
You riposte.
You hit the centaur.
Wisps of condensation drift from the centaur's hands.
The centaur is moderately wounded.
You closely miss the centaur.
The centaur is moderately wounded.
The centaur hits you but does no damage.
The centaur hits you!
You focus on the pain.
You feel very mighty all of a sudden.
You slash the centaur! You freeze the centaur.
The centaur is almost dead.
The centaur hits you!
* * * LOW HITPOINT WARNING * * *
You focus on the pain.
You feel agile all of a sudden. The centaur hits you!
You die...

##..≈≈≈≈PP.
#...≈≈≈≈♣._
#...≈≈≈≈PPP
#....≈≈≈≈P>
#....≈≈≈≈≈≈
#.....≈≈≈≈≈
#.....≈≈≈≈
##.<.....≈≈
#..@.......
#..c.......
#..........
#...........
.............
#.##..........
#. ..[........
. #...........


You could see a centaur (berserk).

Vanquished Creatures
  A rime drake (shapeshifter) (D:3)
  Grinder (D:3)
  A spriggan (shapeshifter) (D:3)
  An orc priest (D:4)
  A centaur skeleton (D:4)
  An iguana (D:4)
  3 orc wizards
  A worker ant (D:4)
  5 adders
  3 gnolls (D:4)
  6 worms
  2 dart slugs (D:2)
  5 leopard geckos
  17 orcs
  2 giant cockroaches
  11 goblins
  6 hobgoblins
  A quokka (D:3)
  2 ball pythons (D:2)
  10 bats
  A frilled lizard (D:1)
  13 kobolds
  16 rats
110 creatures vanquished.

Notes
Turn   | Place    | Note
-------+----------+-------------------------------------------
     0 | D:1      | sagitran the Demonspawn Chaos Knight began the quest for
                  | the Orb.
     0 | D:1      | Reached XP level 1. HP: 18/18 MP: 1/1
    85 | D:1      | Reached skill level 3 in Long Blades
   146 | D:1      | XOM: smoke on damage
   151 | D:1      | Gained mutation: You are immune to rotting. [demonic
                  | ancestry]
   151 | D:1      | Reached XP level 2. HP: 24/24 MP: 2/2
   566 | D:2      | Reached skill level 1 in Dodging
   583 | D:2      | Gained mutation: You have a pair of small antennae on your
                  | head. [demonic ancestry]
   583 | D:2      | Reached XP level 3. HP: 28/29 MP: 3/3
   607 | D:2      | Noticed a moth of wrath
   698 | D:2      | Found a bloodstained altar of Trog.
  1056 | D:2      | XOM: divination: detect creatures
  1061 | D:2      | XOM: harmless Hex miscast
  1061 | D:2      | Gained mutation: You are partially covered in large bone
                  | plates. (SH +4) [demonic ancestry]
  1061 | D:2      | Reached XP level 4. HP: 25/37 MP: 4/4
  1231 | D:2      | XOM: smoke on damage
  1617 | D:3      | Reached skill level 4 in Long Blades
  1681 | D:3      | XOM: butterfly on damage
  1691 | D:3      | Noticed Grinder
  1692 | D:3      | XOM: potion effect (heal wounds)
  1692 | D:3      | Gained mutation: You may emit foul miasma when damaged in
                  | melee. [demonic ancestry]
  1692 | D:3      | Reached XP level 5. HP: 42/42 MP: 5/5
  1699 | D:3      | XOM: confuse monster(s)
  1716 | D:3      | Killed Grinder
  1716 | D:3      | Reached skill level 1 in Stealth
  1716 | D:3      | Reached XP level 6. HP: 11/48 MP: 6/6
  2049 | D:3      | Noticed a shapeshifter
  2049 | D:3      | a bat changed into a shapeshifter
  2049 | D:3      | XOM: polymorph bat -> shapeshifter
  2049 | D:3      | Noticed a polar bear
  2049 | D:3      | a shapeshifter changed into a polar bear
  2056 | D:3      | Noticed a spriggan
  2056 | D:3      | a polar bear changed into a spriggan
  2059 | D:3      | Noticed a rime drake
  2059 | D:3      | a polar bear changed into a rime drake
  2061 | D:3      | Killed a spriggan
  2061 | D:3      | Reached skill level 5 in Long Blades
  2065 | D:3      | Killed a rime drake
  2065 | D:3      | Gained mutation: You sometimes gain a little power by
                  | taking damage. [demonic ancestry]
  2065 | D:3      | Reached XP level 7. HP: 24/55 MP: 7/7
  2289 | D:4      | XOM: scenery: 1 doors open
  2296 | D:4      | XOM: 3-stop teleportation journey
  2304 | D:4      | XOM: chaos upgrade
  2371 | D:4      | XOM: potion effect (invisibility)
  2377 | D:4      | Reached skill level 6 in Long Blades
  2393 | D:4      | XOM: cloud trail
  2518 | D:4      | XOM: medium Tloc miscast
  2763 | D:4      | XOM: smoke on damage
  3053 | D:4      | XOM: enchant monster (bad)
  3058 | D:4      | XOM: severe Pois miscast
  3068 | D:4      | Gained mutation: You possess an exceptional clarity of
                  | mind. [potion of mutation]
  3068 | D:4      | Gained mutation: You expend magic power (3 MP) to
                  | strengthen your wands. [potion of mutation]
  3068 | D:4      | HP: 1/55 [orc/+0 mace (8)]
  3191 | D:4      | Gained mutation: You sometimes gain power by taking damage.
                  | [demonic ancestry]
  3191 | D:4      | Reached XP level 8. HP: 17/61 MP: 8/8
  3376 | D:4      | XOM: give mutations
  3376 | D:4      | Gained mutation: You are clumsy. (Dex -2) [Xom's mischief]
  3376 | D:4      | Lost mutation: You expend magic power (3 MP) to strengthen
                  | your wands. [Xom's mischief]
  3376 | D:4      | Gained mutation: Your spells are a little harder to cast,
                  | but a little more powerful. [Xom's mischief]
  3376 | D:4      | Gained mutation: Armour fits poorly on your strangely
                  | shaped body. [Xom's mischief]
  3388 | D:5      | Entered Level 5 of the Dungeon
  3388 | D:5      | Found a blossoming altar of Fedhas.
  3394 | D:5      | Mangled by a centaur

Skill      XL: |  1  2  3  4  5  6  7 |
---------------+----------------------+-----
Long Blades    | 3 4 5 6 |  6.1
Armour         | 2 3 |  3.0
Dodging        | 1 2 3 |  3.1
Fighting       | 4 |  4.8
Stealth        | 1 3 |  3.3

Action                   |  1- 3 |  4- 6 |  7- 9 || total
-------------------------+-------+-------+-------++-------
Melee: Falchion          |   133 |   126 |    91 ||   350
Evoke: Wand              |       |       |     3 ||     3
  Use: Potion            |     2 |     2 |     4 ||     8
       Scroll            |       |       |     3 ||     3
 Stab: Paralysed         |     2 |     4 |       ||     6
       Sleeping          |       |     3 |     3 ||     6
       Confused          |       |     1 |       ||     1
       Invisible         |       |       |     2 ||     2
       Petrified         |       |       |     1 ||     1
  Eat: Chunk             |     1 |     3 |     3 ||     7
       Ration            |       |       |     1 ||     1
Armor: Leather armour    |    60 |    54 |    24 ||   138
       Skin              |       |       |    20 ||    20
Dodge: Dodged            |    79 |    77 |    63 ||   219
Block: Other             |       |    18 |    16 ||    34
       Rpst.: Falchion   |    29 |    22 |    14 ||    65
